 Dungeon Crawl Stone Soup version 0.17-a0-1763-g847a857 (webtiles) character file.

40857 Kolbur the Black Belt (level 14, -1/108 HPs)
             Began as a Merfolk Ice Elementalist on Sept 1, 2015.
             Was a Priest of Makhleb.
             Slain by a vampire mosquito (6 damage)
             ... on level 2 of the Swamp on Sept 5, 2015.
             The game lasted 05:30:27 (11878 turns).

Kolbur the Black Belt (Merfolk Ice Elementalist)   Turns: 11878, Time: 05:30:28

Health: -1/108     AC: 21    Str: 11    XL:     14   Next: 12%
Magic:  2/20       EV: 27    Int: 14    God:    Makhleb [***...]
Gold:   1512       SH:  0    Dex: 19    Spells: 6 memorised, 7 levels left

rFire  . . .     SeeInvis +       - Unarmed
rCold  . . .     Clarity  .     F - +2 robe {Archmagi}
rNeg   + . .     SustAt   .     (no shield)
rPois  .         Gourm    .     K - +2 helmet
rElec  +         Spirit   .     i - +2 cloak {MR+}
rCorr  .         Warding  .     Q - +2 pair of gloves
rMut   .         Stasis   .     A - +0 pair of boots
MR     ++...                    I - amulet of rage
Stlth  +++.......               L - +5 ring of evasion
                                j - ring of Plog {rElec rN+ MR- Slay+2 SInv}

@: icy armour, very slightly contaminated, hasted, very quick, very resistant to
hostile enchantments, fairly stealthy
A: change form in water, swift swim, magic resistance 1, strong 1
a: Minor Destruction, Lesser Servant of Makhleb, Renounce Religion, Evoke
Berserk Rage


You were on level 2 of the Swamp.
You worshipped Makhleb.
Makhleb was most pleased with you.
You were not hungry.

You visited 5 branches of the dungeon, and saw 23 of its levels.
You also visited: Ossuary, Bailey and Ice Cave.

You collected 1709 gold pieces.
You spent 197 gold pieces at shops.

Inventory:

Hand weapons
 b - a +3 blowgun
 d - a +2 dagger of venom
 N - the +10 sword of Jihad {holy, *Rage rN+ EV+3 Stlth-}
   (You found it on level 2 of the Lair of Beasts)

   It has been blessed by the Shining One to cause great damage to the undead
   and demons.
   It affects your evasion (+3).
   It protects you from negative energy.
   It may make you go berserk in combat.
   It makes you less stealthy.
 X - the +8 rapier "Afudd" {holy, rF+ Str-4 Dex+4}
   (You found it on level 2 of the Lair of Beasts)

   It has been blessed by the Shining One to cause great damage to the undead
   and demons.
   It affects your strength (-4).
   It affects your dexterity (+4).
   It protects you from fire.
Missiles
 f - 49 poisoned needles
 G - 4 curare-tipped needles
 R - 2 throwing nets (quivered)
 S - 70 tomahawks of returning
Armour
 i - a +2 cloak of magic resistance (worn)
 A - a +0 pair of boots (worn)
 C - a +2 leather armour of fire resistance
 F - a +2 robe of the Archmagi (worn)
 K - a +2 helmet (worn)
 Q - a +2 pair of gloves (worn)
Jewellery
 a - an uncursed ring of protection from cold
 j - the ring of Plog (left hand) {rElec rN+ MR- Slay+2 SInv}
   (You found it in an ice cave)

   [ring of slaying]

   It affects your accuracy and damage with ranged weapons and melee attacks
   (+2).
   It insulates you from electricity.
   It protects you from negative energy.
   It affects your resistance to hostile enchantments.
   It lets you see invisible.
 o - an uncursed ring of protection from magic
 p - an uncursed ring of magical power
 D - an uncursed ring of flight
 I - an amulet of rage (around neck)
 L - a +5 ring of evasion (right hand)
 V - the ring "Ibbucaz" {+/*Tele rElec MR+}
   (You found it on level 3 of the Swamp)

   [ring of teleportation]

   It may teleport you to nearby monsters, and can be evoked to randomly
   teleport.
   It insulates you from electricity.
   It affects your resistance to hostile enchantments.
 W - an uncursed amulet of warding
Magical devices
 r - a wand of lightning (4)
 t - a wand of disintegration (5)
 M - a wand of cold (3)
 Y - a wand of draining (2)
 Z - a wand of lightning (3)
Scrolls
 k - 8 scrolls of teleportation
 q - 2 scrolls of magic mapping
 s - 3 scrolls of recharging
 v - 2 scrolls of vulnerability {unknown}
 w - 2 scrolls of amnesia
 y - 3 scrolls of remove curse
 B - a scroll of immolation
 H - a scroll of fog
Potions
 e - 3 potions of magic
 h - a potion of lignification
 l - a potion of cure mutation
 n - 2 potions of agility
 u - 2 potions of brilliance
 x - 3 potions of might
 z - a potion of haste
 J - a potion of curing
 P - a potion of flight
Books
 m - a book of Frost

   Spells                             Type                      Level
   a - Freeze                         Ice                          1
   b - Throw Frost                    Conjuration/Ice              2
   c - Ozocubu's Armour               Charms/Ice                   3
   d - Throw Icicle                   Conjuration/Ice              4
   e - Summon Ice Beast               Ice/Summoning                4
   f - Condensation Shield            Ice                          4
 E - a book of Party Tricks

   Spells                             Type                      Level
   a - Summon Butterflies             Summoning                    1
   b - Apportation                    Translocation                1
   c - Tukima's Dance                 Hexes                        3
   d - Alistair's Intoxication        Transmutation/Poison         4
   e - Invisibility                   Hexes                        6
 T - Sif Muna's Almanac of Stolen Souls and Cold
   (You found it on level 8 of the Dungeon)

   Spells                             Type                      Level
   a - Ensorcelled Hibernation        Hexes/Ice                    2
   b - Corpse Rot                     Necromancy                   2
   c - Sublimation of Blood           Necromancy                   2
   d - Condensation Shield            Ice                          4
   e - Control Undead                 Necromancy                   4
   f - Simulacrum                     Ice/Necromancy               6
 U - a Necronomicon

   Spells                             Type                      Level
   a - Haunt                          Necromancy/Summoning         7
   b - Borgnjor's Revivification      Necromancy                   8
   c - Death's Door                   Charms/Necromancy            8
   d - Necromutation                  Transmutation/Necromancy     8
Comestibles
 c - 7 bread rations
 g - 14 fruits


   Skills:
 + Level 9.0 Fighting
 - Level 11.4 Dodging
 + Level 4.3 Stealth
 + Level 18.0 Unarmed Combat
 - Level 4.1 Spellcasting
   Level 0.7 Conjurations
 - Level 2.1 Charms
 - Level 4.0 Summonings
 - Level 2.0 Translocations
 + Level 8.2 Ice Magic
 - Level 5.0 Evocations


You had 7 spell levels left.
You knew the following spells:

 Your Spells              Type           Power        Failure   Level  Hunger
a - Freeze                Ice            ####         1%          1    None
c - Apportation           Tloc           ##........   10%         1    None
i - Summon Ice Beast      Ice/Summ       ####....     17%         4    ####...
o - Ozocubu's Armour      Chrm/Ice       ####....     10%         3    ###....
s - Condensation Shield   Ice            #####.....   10%         4    ####...
B - Summon Butterflies    Summ           ###.....     3%          1    None


Dungeon Overview and Level Annotations

Branches:
Dungeon (11/15)            Temple (1/1) D:5            Lair (4/8) D:9
  Swamp (4/4) Lair:3          Orc (3/4) D:11            Elf (0/3) Orc:3
  Snake: Lair:3-6    Spider: Lair:3-6

Altars:
Ashenzari
Dithmenos
Elyvilon
Fedhas
Gozag
Kikubaaqudgha
Makhleb
Nemelex Xobeh
Okawaru
Ru
Sif Muna
Trog
Vehumet
Yredelemnul
Zin
The Shining One
Beogh

Shops:
D:7 [(   Orc:1 %

Annotations:
Swamp:1 exclusion: Roxanne, Roxanne


Innate Abilities, Weirdness & Mutations

You revert to your normal form in water.
You are very nimble and swift while swimming.
You are resistant to hostile enchantments.
Your muscles are strong. (Str +2)


Message History

You assume a fearsome visage.
The hornet looks frightened!
The vampire mosquito is unaffected. x4
You feel yourself speed up.
The vampire mosquito closely misses you. x2
The vampire mosquito barely misses you. x2
The vampire mosquito completely misses you.
The vampire mosquito barely misses you. The vampire mosquito misses you.
The vampire mosquito misses you.
The vampire mosquito completely misses you.
The vampire mosquito bites you but does no damage.
The vampire mosquito completely misses you. x2
Unknown command.
Drink which item? (? for menu, Esc to quit)
You feel yourself speed up. The vampire mosquito bites you.
* * * LOW HITPOINT WARNING * * *
The vampire mosquito bites you but does no damage.
The vampire mosquito misses you.
The vampire mosquito completely misses you.
The vampire mosquito barely misses you. The vampire mosquito bites you.
You die...

♣.♣
♣..♣
...
...♣
♣%♣
≈.♣♣
♣.♣
≈..♣♣♣
♣.♣
...≈≈♣♣
♣♣.♣
≈..≈..♣
♣b≈♣
≈♣♣♣≈♣.
♣yy♣
♣..≈.♣
♣y@♣
.♣...♣
♣yb♣
♣♣♣.♣.♣
♣..♣
.♣.♣♣ ≈
♣..♣
..♣≈♣
♣.y♣
...♣
...♣
♣.♣♣
♣.≈.
.♣.♣
≈b.≈
.♣.


You could see a hornet (fleeing) and 4 vampire mosquitoes.

Vanquished Creatures
  A white draconian (IceCv)
  Josephine (Orc:1)
  An ice dragon (Lair:2)
  3 hydras
  Erica (Lair:2)
  A centaur warrior (D:10)
  5 alligators
  An orc high priest (Orc:2)
  A death yak (IceCv)
  A spriggan druid (Swamp:2)
  2 ice statues
  2 hill giants (D:10)
  2 swamp dragons
  An ugly thing (D:10)
  2 cyclopes
  A hornet (Swamp:3)
  4 spiny frogs
  Psyche (D:10)
  A gargoyle (D:11)
  A fire drake (Lair:3)
  A giant leech (Swamp:2)
  Prince Ribbit (D:8)
  A bog body (Swamp:1)
  13 polar bears (IceCv)
  The ghost of Kolbur the Chiller, an average MfIE (D:4)
  2 shadows
  3 slime creatures (Swamp:3)
  Sigmund (D:5)
  3 spriggans (Swamp:3)
  4 wraiths
  3 hippogriffs (D:11)
  21 yaks
  A wyvern (D:9)
  A basilisk (D:10)
  5 vampire mosquitoes
  A hungry ghost (D:11)
  A warg (D:11)
  6 swamp worms
  Edmund (D:5)
  A mottled dragon (D:10)
  3 porcupines
  14 wolves (IceCv)
  9 ice beasts
  2 ogres
  5 water moccasins
  5 orc warriors
  A phantom (D:6)
  3 swamp drakes
  4 black bears
  2 wasps (Swamp:3)
  An eye of draining (D:11)
  2 necrophages
  A sky beast (D:9)
  2 big kobolds
  A crocodile (D:11)
  A brain worm (D:11)
  Blork the orc (D:5)
  7 centaurs
  11 giant frogs
  3 water moccasin zombies (Ossuary)
  4 scorpions
  13 wights
  3 killer bees (D:10)
  A vampire bat (D:4)
  2 quasits (D:10)
  8 crimson imps
  5 jellies
  6 hounds
  14 orc priests
  2 wasp zombies
  3 centaur skeletons
  2 giant frog skeletons
  4 iguanas
  4 worker ants
  12 orc wizards
  4 sheep (Lair:2)
  2 big kobold zombies (Ossuary)
  3 mummies
  A hound skeleton (D:4)
  A worker ant zombie (D:8)
  5 adders
  11 gnolls
  A river rat (Lair:3)
  A shadow imp (D:6)
  13 white imps
  7 adder zombies
  A worm (D:2)
  2 giant geckos
  72 orcs
  3 ball pythons
  12 bats
  3 gnoll zombies (Ossuary)
  3 goblins (D:1)
  6 hobgoblins
  9 jackals
  4 quokkas
  5 giant newts
  A goblin zombie (D:4)
  6 hobgoblin zombies
  27 kobolds
  3 kobold zombies (Ossuary)
  7 orc zombies (Ossuary)
  5 rats
  A fungus (D:9)
484 creatures vanquished.

Vanquished Creatures (collateral kills)
  Erolcha (D:8)
  2 alligators (Swamp:1)
  A hill giant (D:11)
  An ugly thing (D:11)
  Joseph (D:8)
  A polar bear (IceCv)
  A spriggan (D:8)
  3 yaks (IceCv)
  A wraith (D:11)
  A vampire mosquito (Swamp:1)
  2 wolves (IceCv)
  A swamp worm (Swamp:1)
  3 orc warriors
  An eye of draining (D:10)
  A giant frog (D:11)
  A killer bee (D:10)
  4 orc wizards
  A worker ant (D:10)
  4 sheep (Lair:2)
  6 gnolls
  A white imp (Orc:3)
  12 orcs
  A hobgoblin (Bailey)
  A kobold (Bailey)
  A butterfly (Lair:2)
53 creatures vanquished.

Vanquished Creatures (others)
  2 polar bears (IceCv)
  5 wolves (IceCv)
  An orc warrior (Orc:2)
  An orc (Orc:3)
  A kobold zombie (Ossuary)
  An orc zombie (Ossuary)
  A bush (D:6)
  2 fungi (Lair:2)
14 creatures vanquished.

Grand Total: 551 creatures vanquished

Notes
Turn   | Place    | Note
--------------------------------------------------------------
     0 | D:1      | Kolbur the Merfolk Ice Elementalist began the quest for the Orb.
     0 | D:1      | Reached XP level 1. HP: 13/13 MP: 3/3
   199 | D:1      | Reached XP level 2. HP: 13/19 MP: 0/5
   374 | D:1      | Reached skill level 1 in Unarmed Combat
   675 | D:2      | Reached skill level 4 in Ice Magic
   763 | D:2      | Reached XP level 3. HP: 15/24 MP: 2/6
   856 | D:4      | Found a sacrificial altar of Ru.
   895 | D:4      | Learned a level 3 spell: Ozocubu's Armour
   961 | D:4      | Reached XP level 4. HP: 25/30 MP: 4/7
  1000 | D:4      | Found an opulent altar of Gozag.
  1001 | D:4      | Found a sparkling altar of Nemelex Xobeh.
  1074 | D:4      | Found a sand-covered staircase.
  1117 | Ossuary  | Entered an ossuary
  1312 | Ossuary  | Reached XP level 5. HP: 14/35 MP: 5/8
  1540 | Ossuary  | Reached XP level 6. HP: 9/41 MP: 7/9
  1829 | Ossuary  | Reached skill level 5 in Unarmed Combat
  2182 | D:5      | Entered Level 5 of the Dungeon
  2224 | D:5      | Reached skill level 1 in Fighting
  2224 | D:5      | Reached skill level 6 in Unarmed Combat
  2224 | D:5      | Reached XP level 7. HP: 22/48 MP: 6/10
  2241 | D:5      | Noticed Sigmund
  2266 | D:4      | Noticed Kolbur's ghost (average MfIE)
  2320 | D:4      | Killed Kolbur's ghost
  2320 | D:4      | Reached skill level 5 in Ice Magic
  2596 | D:4      | Found an ancient bone altar of Kikubaaqudgha.
  2598 | D:4      | Found a deep blue altar of Sif Muna.
  2598 | D:4      | Found a radiant altar of Vehumet.
  2603 | D:4      | Identified Sif Muna's Handbook of Summoning
  2610 | D:4      | Identified Kikubaaqudgha's Disquisition on Unholy Magic
  2617 | D:4      | Identified Vehumet's Almanac of Arcane Weapons
  2765 | D:4      | Found a shattered altar of Ashenzari.
  2879 | D:5      | Reached skill level 7 in Unarmed Combat
  2879 | D:5      | Reached XP level 8. HP: 57/57 MP: 3/11
  3200 | D:5      | Got a fine trident
  3228 | D:5      | Reached skill level 5 in Dodging
  3252 | D:5      | Killed Sigmund
  3252 | D:5      | Reached skill level 8 in Unarmed Combat
  3270 | D:5      | Learned a level 4 spell: Summon Ice Beast
  3270 | D:5      | Identified the +3 trident "Kolbur's Death" {freeze, Dex+2} (You found it on level 5 of the Dungeon)
  3288 | D:5      | Noticed Edmund
  3335 | D:5      | Found a staircase to the Ecumenical Temple.
  3345 | Temple   | Entered the Ecumenical Temple
  3468 | D:5      | Killed Edmund
  3505 | D:5      | Noticed Blork the orc
  3542 | D:6      | Reached skill level 1 in Summonings
  3587 | D:5      | Killed Blork the orc
  3637 | D:5      | Reached XP level 9. HP: 60/65 MP: 5/12
  3777 | D:6      | Reached skill level 9 in Unarmed Combat
  4182 | D:7      | Found Ygateun's Antique Weapon Emporium.
  4185 | D:7      | Bought a blowgun for 62 gold pieces
  4265 | D:7      | Reached skill level 10 in Unarmed Combat
  4356 | D:7      | Found Gavajorep's Antique Armour Boutique.
  4419 | D:7      | Bought a pair of runed gloves for 135 gold pieces
  4483 | D:8      | Upgraded the game from 0.17-a0-1748-g222fba8 to 0.17-a0-1760-ga6756ae
  4510 | D:8      | Noticed Prince Ribbit
  4531 | D:8      | Killed Prince Ribbit
  4534 | D:8      | Noticed Erolcha
  4547 | D:8      | Killed Erolcha
  4547 | D:8      | Reached skill level 5 in Fighting
  4547 | D:8      | Reached XP level 10. HP: 46/74 MP: 4/13
  4686 | D:8      | Noticed Joseph
  4707 | D:8      | Reached skill level 11 in Unarmed Combat
  4723 | D:8      | Found a glowing silver altar of Zin.
  4724 | D:8      | Found a glowing golden altar of the Shining One.
  4725 | D:8      | Found a white marble altar of Elyvilon.
  4737 | D:8      | Found a flagged portal.
  4750 | Bailey   | Entered a bailey
  4915 | Bailey   | Learned a level 4 spell: Condensation Shield
  5355 | D:10     | Entered Level 10 of the Dungeon
  5567 | D:8      | Killed Joseph
  5631 | D:8      | Identified Sif Muna's Almanac of Stolen Souls and Cold (You found it on level 8 of the Dungeon)
  5837 | D:9      | Reached skill level 12 in Unarmed Combat
  6096 | D:10     | Noticed a hill giant
  6103 | D:10     | Noticed Psyche
  6130 | D:10     | Killed Psyche
  6137 | D:10     | Killed a hill giant
  6137 | D:10     | Reached XP level 11. HP: 81/81 MP: 1/14
  6150 | D:10     | Got a transparent ring mail
  6159 | D:10     | Noticed a cyclops
  6172 | D:10     | Found a blossoming altar of Fedhas.
  6178 | D:10     | Killed a cyclops
  6179 | D:10     | Noticed a hill giant
  6303 | D:10     | Upgraded the game from 0.17-a0-1760-ga6756ae to 0.17-a0-1763-g847a857
  6336 | D:10     | Reached skill level 13 in Unarmed Combat
  6409 | D:10     | Noticed a brown ugly thing
  6428 | D:10     | Killed a brown ugly thing
  6466 | D:10     | Noticed a centaur warrior
  6489 | D:10     | Killed a centaur warrior
  6489 | D:10     | Reached skill level 1 in Charms
  6541 | D:10     | Killed a hill giant
  6746 | D:10     | Identified the +1 ring mail of Bedevilment {+Inv rN+} (You found it on level 10 of the Dungeon)
  6814 | D:11     | Found a staircase to the Orcish Mines.
  6835 | D:11     | Noticed a hill giant
  6845 | D:11     | Noticed Josephine
  6846 | D:11     | Killed a hill giant
  6846 | D:11     | Reached skill level 14 in Unarmed Combat
  6852 | D:11     | Noticed a cyclops
  6852 | Orc:1    | Entered Level 1 of the Orcish Mines
  6950 | Orc:1    | Killed Josephine
  6988 | Orc:1    | Found Omahos's Food Shop.
  7180 | Orc:2    | Noticed an orc high priest
  7201 | Orc:2    | Killed an orc high priest
  7201 | Orc:2    | Reached XP level 12. HP: 54/89 MP: 5/18
  7283 | Orc:3    | Found a roughly hewn altar of Beogh.
  7322 | Orc:3    | Found a frozen archway.
  7338 | Orc:3    | Found a staircase to the Elven Halls.
  7379 | IceCv    | Entered an ice cave
  7495 | IceCv    | Reached skill level 15 in Unarmed Combat
  8170 | IceCv    | Noticed a death yak
  8264 | IceCv    | Killed a death yak
  8289 | IceCv    | Reached skill level 16 in Unarmed Combat
  8347 | IceCv    | Learned a level 1 spell: Summon Butterflies
  8409 | IceCv    | Noticed a white draconian
  8462 | IceCv    | Killed a white draconian
  8507 | IceCv    | Got a glittering copper ring
  8515 | IceCv    | Identified the ring of Plog {rElec rN+ MR- Slay+2 SInv} (You found it in an ice cave)
  8616 | D:11     | Killed a cyclops
  8637 | D:11     | Reached skill level 10 in Dodging
  8637 | D:11     | Reached XP level 13. HP: 98/98 MP: 14/19
  8803 | D:11     | Noticed a brown ugly thing
  8817 | D:11     | Killed a brown ugly thing
  8833 | D:11     | Gained mutation: Your muscles are strong. (Str +2) [mutagenic meat]
  8845 | D:11     | Gained mutation: You are resistant to hostile enchantments. [potion of beneficial mutation]
  8895 | D:11     | Reached skill level 1 in Evocations
  9167 | D:9      | Found a staircase to the Lair.
  9462 | Temple   | Became a worshipper of Makhleb the Destroyer
  9619 | Lair:1   | Entered Level 1 of the Lair of Beasts
  9674 | Lair:2   | Reached skill level 17 in Unarmed Combat
  9757 | Lair:2   | Acquired Makhleb's first power
  9839 | Lair:2   | Noticed Erica
  9854 | Lair:2   | Killed Erica
 10076 | Lair:3   | Found a staircase to the Swamp.
 10085 | Swamp:1  | Entered Level 1 of the Swamp
 10273 | Swamp:1  | Noticed Roxanne
 10334 | Swamp:1  | HP: 4/98 [swamp worm (24)]
 10721 | Swamp:1  | HP: 1/98 [alligator (6)]
 10929 | Lair:3   | Acquired Makhleb's second power
 11097 | Lair:2   | Got a dazzling rapier
 11104 | Lair:2   | Identified the +8 rapier "Afudd" {holy, rF+ Str-4 Dex+4} (You found it on level 2 of the Lair of Beasts)
 11264 | Swamp:2  | Learned a level 1 spell: Apportation
 11317 | Swamp:2  | Reached skill level 1 in Translocations
 11402 | Swamp:3  | Got an ancient wooden ring
 11435 | Swamp:3  | Identified the ring "Ibbucaz" {+/*Tele rElec MR+} (You found it on level 3 of the Swamp)
 11534 | Swamp:4  | Entered Level 4 of the Swamp
 11535 | Swamp:4  | Noticed a thorn hunter
 11545 | Swamp:4  | Reached XP level 14. HP: 106/106 MP: 8/20
 11664 | Swamp:3  | Reached skill level 18 in Unarmed Combat
 11709 | Swamp:3  | Reached skill level 5 in Evocations
 11724 | Swamp:3  | Acquired Makhleb's third power
 11872 | Swamp:2  | Paralysed by a hornet for 2 turns
 11875 | Swamp:2  | HP: 2/108 [vampire mosquito (8)]
 11878 | Swamp:2  | Slain by a vampire mosquito

Vault maps used:
D:1:      minmay_arrival_hallway, serial_glass, glass_columns_a, glass_columns_a
D:3:      led_xom_imps, lemuel_crystal_altar, first_bread, uniq_robin,
          uniq_natasha, uniq_terence
D:4:      kennysheep_six_static_rooms, grunt_temple_overflow_magic_moments,
          kennysheep_mini, nicolae_ru_sacrificial_ziggurat,
          grunt_temple_overflow_opulence, nicolae_ossuary_entry_giza,
          roderic_batcave, small_statue_intersection
D:5:      minmay_temple_entry_nine_rooms, uniq_sigmund, uniq_blork_the_orc,
          uniq_edmund
D:6:      kb_lookout_dungeons_type
D:7:      serial_shops, shop, nicolae_shop_behind_doors
D:8:      good_gods_temple_1, cheibriados_altar_1, enter_bailey_2, the_bakery,
          uniq_joseph, uniq_erolcha, uniq_prince_ribbit1
D:9:      dpeg_oklobed_lair, minmay_misc_feat_four_crosses
D:10:     hangedman_cross_cluster, serial_shops, shop,
          onia_ninara_dug_in_and_dangerous, uniq_psyche
D:11:     david_orc_3, serial_curves, eino_curves_01, eino_curves_04,
          st_stairs_1, hangedman_decor_points, uniq_josephine
Temple:   circular_temple_6
Lair:1:   kennysheep_rathole, serial_bayou_shore_b, serial_bayou_shore_a
Lair:2:   ice2_lemuel, serial_bayou_shore_b, lemuel_fruit_fields, uniq_erica
Lair:3:   swamp_mist_pool, st_stairs_7, serial_bayou_lake_a
Lair:4:   gammafunk_lair_bear_cave
Swamp:1:  cheibrodos_swamp_heart_of_darkness, evilmike_swamp_ruin_house_3,
          swamp_pool5, uniq_roxanne
Swamp:2:  serial_swamp_ruin, evilmike_swamp_ruin_house_5,
          evilmike_swamp_ruin_house_4, swamp_pool5,
          nicolae_swamp_rocky_clearing, nicolae_swamp_treefoil,
          nicolae_swamp_dense_foliage, infiniplex_staircase_pool
Swamp:3:  evilmike_swamp_ruin_house_1, infiniplex_staircase_pool_2
Swamp:4:  swamp_pestilence
Orc:1:    serial_shops, shop_statue
Orc:2:    mines2_lemuel
Orc:3:    portal_ice_cave_entry_imps, nicolae_orc_pool_cavern,
          lemuel_statue_altar
Ossuary:  ossuary_tomb_2
Bailey:   bailey_axe_2, bailey
IceCv:    ice_cave_caverns_02

Action                   |  1- 3 |  4- 6 |  7- 9 | 10-12 | 13-15 || total
-------------------------+-------+-------+-------+-------+-------++-------
Melee: Unarmed           |     6 |   232 |   249 |   977 |   443 ||  1907
       Short sword       |    21 |    18 |    17 |       |       ||    56
       Dagger            |     2 |       |       |     6 |       ||     8
 Fire: Blowgun           |       |       |     8 |    63 |     8 ||    79
Throw: Stone             |    13 |    18 |    27 |       |       ||    58
       Tomahawk          |       |       |       |    19 |    12 ||    31
       Javelin           |       |       |       |     2 |       ||     2
       Throwing net      |       |       |       |       |     2 ||     2
 Cast: Freeze            |    29 |     7 |    84 |    24 |    37 ||   181
       Ozocubu's Armour  |     1 |    16 |    27 |    56 |    28 ||   128
       Summon Ice Beast  |       |       |     1 |    38 |    15 ||    54
       Condensation Shie |       |       |       |    17 |    15 ||    32
       Summon Butterflie |       |       |       |     1 |     1 ||     2
       Apportation       |       |       |       |       |     5 ||     5
Evoke: Wand              |     1 |       |     3 |     6 |     5 ||    15
  Use: Scroll            |       |     8 |     5 |    10 |    12 ||    35
       Potion            |       |     1 |     2 |     8 |    11 ||    22
 Stab: Sleeping          |     2 |     1 |    11 |    11 |    10 ||    35
       Invisible         |       |       |       |    17 |       ||    17
       Distracted        |       |       |       |     4 |     2 ||     6
       Held in net/web   |       |       |       |       |     1 ||     1
  Eat: Royal jelly       |     1 |       |       |       |       ||     1
       Meat ration       |       |     1 |     2 |     3 |     1 ||     7
       Chunk             |       |     2 |     3 |    14 |     9 ||    28
       Beef jerky        |       |     1 |       |     4 |     1 ||     6
       Pizza             |       |       |       |     1 |       ||     1
       Bread ration      |       |       |       |       |     2 ||     2
